Map: Jagannatha LE

Players

AqueroN - Winner!

  • Race: Terran Terran
  • League: Grandmaster
  • Spawn Location: 7:00

TLHarstem (Harstem)

  • Race: Protoss Protoss
  • League: Master
  • Spawn Location: 1:00

Event: DreamHack SC2 Masters 2020 Winter

VOD

Have the link to the VOD?

Description

Time

  • Played on: Oct. 30, 2020, 1:18 p.m.
  • Length: 6:29

All games in this series

Show
View Real Time Build Order
Export as new Build Order

AqueroN Terran - Winner!

Build Orders: 1/1/1 

Get SALT Encoding   

  12  0:00  SCV  
  13  0:12  SCV  
  14  0:17  Supply Depot  
  14  0:24  SCV  
  15  0:38  SCV  
  15  0:40  Barracks  
  16  0:44  Refinery  
  16  0:51  SCV  
  16  0:54  Refinery  
  17  1:03  SCV  
  18  1:07  Supply Depot  
  18  1:15  SCV  
  19  1:27  Orbital Command  
  19  1:30  Marine  
  20  1:42  Factory  
  20  1:54  SCV  
  20  1:55  Barracks Reactor  
  21  2:06  SCV  
  22  2:18  SCV  
  23  2:23  Supply Depot  
  23  2:26  Widow Mine  
  23  2:27  Starport  
  25  2:30  SCV  
  25  2:31  Marine x2  
  28  2:43  SCV  
  29  2:48  Widow Mine  
  29  2:49  Marine x2  
  33  2:53  Armory  
  33  3:00  SCV, Supply Depot  
  34  3:07  Medivac  
  34  3:11  Widow Mine  
  38  3:15  Marine  
  39  3:21  Marine  
  39  3:22  Supply Depot  
  40  3:27  SCV  
  40  3:33  Marine, Factory Tech Lab  
  42  3:39  Marine  
  43  3:51  Thor  
  43  3:52  Marine  
  50  3:56  Marine  
  50  3:57  Medivac  
  53  4:04  Supply Depot  
  53  4:10  Marine  
  53  4:14  Marine  
  55  4:27  Marine  
  56  4:32  Marine  
  56  4:37  Thor  
  63  4:51  Supply Depot  
  63  5:08  Marine x2  
  56  5:22  Siege Tank  
  56  5:26  Marine x2  
  59  5:36  Liberator  
  61  5:44  Marine x2  
  61  5:48  SCV  
  64  6:02  Marine x2  
Show
View Real Time Build Order
Export as new Build Order

TLHarstem Protoss 

Build Orders: 1 Gate Expand, Phoenix Opening, Blink Stalkers 

Get SALT Encoding   

  12  0:00  Probe  
  13  0:12  Probe  
  14  0:17  Pylon  
  14  0:24  Probe  
  15  0:36  Gateway  
  15  0:37  Probe (Chrono Boost)  
  16  0:47  Probe (Chrono Boost)  
  16  0:48  Assimilator  
  17  0:52  Probe (Chrono Boost)  
  18  1:03  Probe  
  19  1:15  Probe  
  20  1:23  Cybernetics Core  
  20  1:34  Nexus  
  20  1:41  Pylon  
  20  1:44  Probe  
  21  1:51  Assimilator  
  21  1:56  Probe  
  21  1:57  Adept (Chrono Boost)  
  21  2:01  Warp Gate (Chrono Boost)  
  24  2:08  Probe  
  25  2:20  Probe  
  25  2:22  Sentry  
  28  2:33  Probe  
  28  2:35  Gateway  
  29  2:40  Shield Battery  
  29  2:45  Probe  
  29  2:47  Probe  
  31  2:56  Phoenix  
  31  2:57  Probe  
  32  2:59  Probe  
  32  3:01  Stalker  
  35  3:09  Probe  
  35  3:11  Twilight Council, Probe  
  37  3:21  Probe  
  37  3:23  Probe  
  37  3:26  Pylon  
  39  3:33  Probe  
  40  3:35  Probe  
  40  3:40  Blink (Chrono Boost)  
  41  3:44  Stalker x2  
  41  3:45  Probe  
  41  3:47  Probe  
  47  3:56  Pylon  
  47  3:57  Probe  
  47  3:59  Probe  
  47  4:01  Robotics Facility  
  49  4:09  Stalker  
  51  4:12  Probe  
  51  4:15  Stalker  
  51  4:16  Probe  
  54  4:17  Gateway  
  54  4:19  Pylon  
  47  4:26  Probe  
  46  4:35  Probe  
  46  4:38  Probe  
  48  4:42  Phoenix  
  48  4:51  Observer (Chrono Boost)  
  49  4:52  Probe  
  49  4:59  Probe  
  49  5:03  Stalker x2  
  52  5:11  Probe  
  46  5:23  Stalker  
  47  5:30  Stalker  
  47  5:36  Shield Battery  
  47  5:46  Immortal (Chrono Boost)  
  51  5:51  Stalker  
  53  5:59  Stalker  
  55  6:06  Pylon  
  49  6:21  Stalker  
Tags
 
Add a new tag
Caveats
  • Supply blocks, unpowered buildings, or Contaminate may cause inaccurate times.
  • Supply counts are checked every 10 seconds.